 Dungeon Crawl Stone Soup version 0.13.0-18-g7b03ea5 (webtiles) character file.

1537802 inmateoo the Grim Reaper (level 25, 201/201 (202) HPs)
             Began as a Minotaur Death Knight on Oct 23, 2013.
             Was the Champion of Yredelemnul.
             Escaped with the Orb
             ... and 3 runes!
             The game lasted 03:14:04 (78699 turns).

inmateoo the Grim Reaper (Minotaur Death Knight)   Turns: 78699, Time: 03:14:05

HP 201/201 (202) AC 39     Str 34      XL: 25   Next: 24%
MP  42/42        EV  5     Int 16      God: Yredelemnul [******]
Gold 5687        SH 59     Dex 12      Spells:  0 memorised, 24 levels left

Res.Fire  : + + .   See Invis. : +   S - +10,+6 mithril axe "Arga" {speed, MR+ Str+2}
Res.Cold  : + + .   Warding    : .   m - +7 gold dragon armour
Life Prot.: + . .   Conserve   : +   p - +1 dwarf large shield
Res.Poison: +       Res.Corr.  : +   W - +2 cap of Winter {Str+1 Int+4}
Res.Elec. : +       Clarity    : .   o - +0 cloak {rCorr, Cons}
Sust.Abil.: + .     Spirit.Shd : .   O - +2 pair of gloves of Cowardice {Str+3 Int+4}
Res.Mut.  : .       Rnd.Telep. : +   R - +0 pair of boots {Stlth+}
Res.Rott. : .       Flight     : .   P - amulet "Thretirh Otwu" {rCorr -Cast rElec rF+ rC+ Dam+6}
Saprovore : . . .                    g - ring "Tahav" {SustAb +Rage +Inv rN+ SInv}
                                     i - +7,+2 ring of slaying

@: very resistant to hostile enchantments, extremely unstealthy
A: retaliatory headbutt, horns 2, talons 1, blurry vision 1, -10% hp,
teleportitis 1, AC +3
a: Animate Dead, Recall Undead Slaves, Injury Mirror, Drain Life, Enslave Soul,
Renounce Religion, Evoke Berserk Rage, Evoke Invisibility
}: 3/15 runes: serpentine, barnacled, silver


You escaped.
You worshipped Yredelemnul.
Yredelemnul was exalted by your worship.
You were not hungry.

You visited 8 branches of the dungeon, and saw 62 of its levels.
You visited the Abyss 2 times.
You also visited: Bailey and Wizlab.

You collected 8642 gold pieces.
You spent 2975 gold pieces at shops.

Inventory:

Hand weapons
 S - the +10,+6 mithril axe "Arga" (weapon) {speed, MR+ Str+2}
   (You found it on level 26 of the Dungeon)

   Attacks with this weapon take half as long, but cause slightly less damage.
   It affects your strength (+2).
   It affects your resistance to hostile enchantments.
Armour
 m - a +7 gold dragon armour (worn)
 o - a +0 cloak of preservation (worn)
 p - a +1 dwarven large shield (worn)
 t - a +2 cloak of magic resistance
 H - the +0 cloak of Slovenliness (quivered) {+Blink +Inv Str+2 SInv}
   (You found it in a wizard's laboratory)

   It affects your strength (+2).
   It enhances your eyesight.
   It lets you turn invisible.
   It lets you blink.
 L - the +2 pair of gloves of the Nexus {rF+ Stlth++}
   (You acquired it on level 3 of the Vaults)

   It protects you from fire.
   It makes you much more stealthy.
 O - the +2 pair of gloves of Cowardice (worn) {Str+3 Int+4}
   (You acquired it on level 23 of the Dungeon)

   It affects your strength (+3).
   It affects your intelligence (+4).
 R - a +0 pair of boots of stealth (worn)
 W - the +2 cap of Winter (worn) {Str+1 Int+4}
   (You acquired it on level 5 of the Snake Pit)

   It affects your strength (+1).
   It affects your intelligence (+4).
Magical devices
 h - a wand of disintegration (3)
 j - a wand of teleportation (6)
 z - a wand of flame (5)
 G - a wand of digging (7)
Comestibles
 c - 14 bread rations
 C - 5 cheeses
Scrolls
 l - a scroll of amnesia
 n - a scroll of remove curse
 x - 2 scrolls of brand weapon
 F - 3 scrolls of blinking
 M - 6 scrolls of identify
 Q - a scroll of teleportation
 Z - a scroll of fog
Jewellery
 e - an uncursed ring of protection from magic
 g - the ring "Tahav" (right hand) {SustAb +Rage +Inv rN+ SInv}
   (You took it off a tengu reaver on level 5 of the Vaults)

   [ring of sustain abilities]

   It protects you from negative energy.
   It enhances your eyesight.
   It lets you turn invisible.
   It lets you go berserk.
 i - a +7,+2 ring of slaying (left hand)
 q - the ring of the Tortoise {+Blink EV+1 Str+2 Dex-1}
   (You found it on level 3 of the Elven Halls)

   [ring of evasion]

   It affects your evasion (+1).
   It affects your strength (+2).
   It affects your dexterity (-1).
   It lets you blink.
 s - an uncursed ring of regeneration
 y - the ring "Cega" {Regen +Fly rF+ Str-3}
   (You took it off an orc knight on level 23 of the Dungeon)

   [ring of regeneration]

   It affects your strength (-3).
   It protects you from fire.
   It lets you fly.
 B - an uncursed ring of teleport control
 E - an uncursed ring of protection from cold
 J - an uncursed ring of sustain abilities
 N - an uncursed amulet of resist mutation
 P - the amulet "Thretirh Otwu" (around neck) {rCorr -Cast rElec rF+ rC+ Dam+6}
   (You found it on level 3 of the Lair of Beasts)

   [amulet of resist corrosion]

   It affects your damage-dealing abilities (+6).
   It protects you from fire.
   It protects you from cold.
   It insulates you from electricity.
   It prevents spellcasting.
 U - an uncursed ring of protection from fire
 X - an uncursed amulet of resist mutation
 Y - an uncursed ring of sustain abilities
Potions
 b - 5 potions of heal wounds
 d - 6 potions of curing
 f - a potion of magic
 k - 3 potions of invisibility
 r - 3 potions of speed
 u - a potion of flight
 v - 4 potions of restore abilities
 A - a potion of berserk rage
 I - 3 potions of brilliance
 K - 2 potions of agility
Orbs of Power
 a - the Orb of Zot


   Skills:
 + Level 18.4 Fighting
 - Level 19.0 Axes
 - Level 15.5 Armour
 - Level 6.9 Dodging
 - Level 1.0 Stealth
 + Level 25.8 Shields
 * Level 26.6 Invocations


You had 24 spell levels left.
You didn't know any spells.

Dungeon Overview and Level Annotations

Branches:
Dungeon (27/27)            Temple (0/1) D:4             Orc (4/4) D:10
    Elf (3/3) Orc:4          Lair (8/8) D:10         Shoals (5/5) Lair:4
  Snake (5/5) Lair:3        Slime (0/6) Lair:7       Vaults (5/5) D:15
  Blade (0/1) Vaults:3      Crypt (0/5) Vaults:3        Zot (5/5) D:27

Altars:
Cheibriados
Makhleb
Okawaru
Sif Muna
Trog
Vehumet
Yredelemnul
the Shining One

Shops:
D:5 (   D:13 [   D:15 *   D:16 }   D:19 +   D:25 =%+%(   Orc:4 [%%%   Elf:1 ?
Shoals:5 }}((   Snake:4 !   Vaults:1 (   Vaults:2 ?   Vaults:3 !   Vaults:4 *

Portals:
Hell: D:21 D:22 D:23 D:24 D:25 D:26 D:27
Abyss: D:22 D:25 D:26
Pandemonium: D:22 D:24 D:25 D:26
Trove: D:11 (give 15 scrolls of teleportation)

Annotations:
D:2 Sigmund


Innate Abilities, Weirdness & Mutations

You reflexively headbutt those who attack you in melee.
You have a pair of horns on your head.
You have sharp toenails.
You are partially covered in icy blue scales (AC +1).
You are partially covered in slimy green scales (AC +2).
Your vision is a little blurry.
You are frail (-10% HP).
Space occasionally distorts in your vicinity.


Message History

Evoke which item? (* to show all) (? for menu, Esc to quit)
That item cannot be evoked!
Unknown command.
Evoke which item? (* to show all) (? for menu, Esc to quit)
Zapping:
h - a wand of disintegration (4)
Press: ? - help, Shift-Dir - straight line You hear a grinding noise.
This wand has 3 charges left.
You block the Orb Guardian's attack.
The Orb Guardian hits you but does no damage.
The Orb Guardian hits you. You block the Orb Guardian's attack.
You block the Orb Guardian's attack. You block the Orb Guardian's attack.
You block the Orb Guardian's attack. You block the Orb Guardian's attack.
You block the Orb Guardian's attack. You block the Orb Guardian's attack.
There is a staircase leading out of the dungeon here.
You block the Orb Guardian's attack.
You have escaped!

#.........# #..#........##
#..##.....# #..#..........
#..####..## #..#....).....
#..# #..# #..#..........
#..####.4# #..####.....%.
#........# #.............
#..#####.####..######.....
#..# #..X.##..# #.....
#..# #..@.##..######.....
#..####........#.......###
#..............######.##
#........).##..# #.####
#..####....##..# #.....
#..# #....##..# ######
#..# #....##..# #..#
###.###..# #..# #.# #..#


You could see an Orb Guardian and a blue devil.

Vanquished Creatures
  3 orbs of fire (Zot:5)
  Margery (D:22)
  2 Killer Klowns (Zot:5)
  Mennas (D:20)
  5 golden dragons
  Jory (D:24)
  Frederick (D:24)
  6 bone dragons
  An electric golem (Zot:2)
  9 tentacled monstrosities
  9 Orb Guardians (Zot:5)
  A lich (D:26)
  3 Executioners
  2 titans (Vaults:5)
  2 sphinxes
  An eldritch tentacle (WizLab)
  7 storm dragons
  7 shadow dragons
  The ghost of 1Viktor the Blocker, a powerful MiFi of Okawaru (Snake:1)
  6 tengu reavers
  2 draconian monks
  3 fire giants
  3 draconian knights
  3 frost giants
  6 deep elf sorcerers (Elf:3)
  7 draconian zealots
  A tentacled starspawn (Abyss:1)
  6 vault wardens
  2 orc warlords
  3 draconian annihilators
  A draconian scorcher (Zot:3)
  A balrug (Elf:3)
  28 stone giants
  4 greater nagas (Snake:5)
  A draconian caller (Zot:3)
  3 deep elf demonologists
  3 grey draconians
  2 deep elf annihilators (Elf:3)
  A lorocyproca (D:18)
  5 green draconians
  A blizzard demon (Abyss:1)
  A green death (D:26)
  6 mottled draconians
  4 purple draconians
  8 yellow draconians
  2 red draconians
  4 black draconians
  3 pale draconians
  A deep elf death mage (Elf:3)
  6 ettins
  3 white draconians
  16 vault guards
  4 deep elf high priests (Elf:3)
  2 merfolk impalers (Shoals:5)
  A minotaur (shapeshifter) (Vaults:5)
  14 yaktaur captains
  7 death cobs
  4 dragons
  7 ironheart preservers
  2 merfolk aquamancers (Shoals:5)
  2 hydras
  7 ice dragons
  5 great orbs of eyes
  A ravenous item mimic (Lair:8)
  4 anacondas
  2 ravenous feature mimics
  7 deep troll earth magi
  3 death yaks (Lair:7)
  9 deep troll shamans
  9 ogre magi
  5 very ugly things
  A thrashing horror (Abyss:1)
  5 naga warriors (Snake:5)
  2 wretched stars (Abyss:1)
  A spectral elf (Elf:3)
  A fire crab (D:20)
  4 soul eaters
  2 iron golems
  20 centaur warriors
  Nergalle (D:15)
  2 sun demons
  8 deep elf knights
  2 iron trolls
  16 deep trolls
  13 slime creatures
  12 hell knights
  A skeletal warrior (D:18)
  A shadow demon (Zot:5)
  3 unseen horrors
  A death drake (shapeshifter) (D:23)
  A death drake (Zot:1)
  5 large abominations
  7 sea snakes
  8 wizards (D:12)
  An ice devil (Elf:3)
  5 ironbrand convokers
  An unseen horror (shapeshifter) (Vaults:5)
  A sea snake (shapeshifter) (Vaults:5)
  6 hill giants
  5 flayed ghosts
  Pikel (D:6)
  A flaming corpse (WizLab)
  3 giant amoebae
  A shadow dragon zombie (Vaults:4)
  5 wolf spiders
  A hellion (D:26)
  3 necromancers
  2 shadow dragon skeletons
  8 deep elf conjurers
  3 phantasmal warriors
  13 harpies
  7 cyclopes
  7 griffons
  4 orc sorcerers
  3 stone giant zombies
  A draconian zombie (Zot:5)
  A red wasp (D:18)
  A fire giant zombie (D:17)
  25 orc knights
  A sphinx skeleton (D:18)
  4 sixfirhies
  3 oklob plants (D:27)
  9 deep elf summoners
  An elephant (shapeshifter) (Vaults:5)
  4 spiny worms
  11 moths of wrath
  A black mamba (shapeshifter) (Vaults:1)
  7 vault sentinels
  9 stone giant skeletons
  A spriggan druid (Lair:8)
  2 frost giant skeletons
  6 trolls
  4 elephants (Lair:8)
  14 black mambas
  3 guardian serpents (Snake:5)
  3 orange demons
  A vapour (D:24)
  A draconian (shapeshifter) (Vaults:4)
  2 efreet (Abyss:1)
  8 fire drakes
  A pale draconian zombie (Abyss:1)
  6 mermaids
  5 spiny frogs
  A mermaid (shapeshifter) (Vaults:1)
  18 yaktaurs
  A yaktaur (shapeshifter) (D:23)
  An iron troll zombie (D:22)
  An ancient zyme (Abyss:1)
  5 hellwings
  5 naga magi
  6 komodo dragons
  3 demonic crawlers
  2 jumping spiders (shapeshifter)
  2 red devils
  A queen bee (shapeshifter) (Vaults:5)
  3 smoke demons
  4 iron devils
  A redback skeleton (D:17)
  5 deep elf priests
  7 spriggans (Lair:8)
  4 iron troll skeletons
  A silent spectre (Vaults:3)
  A wandering mushroom (D:18)
  7 blink frogs
  A harpy skeleton (D:19)
  5 jumping spiders
  Prince Ribbit (D:5)
  4 blue devils
  A queen bee (Lair:6)
  An ettin zombie (D:22)
  2 baby alligators (shapeshifter) (D:23)
  4 wind drakes
  2 ravens (Lair:3)
  A stone giant simulacrum (D:20)
  A snapping turtle (shapeshifter) (D:26)
  4 snapping turtles
  28 two-headed ogres
  2 boulder beetles
  A hydra skeleton (D:17)
  A dragon skeleton (D:14)
  5 grizzly bears (Lair:8)
  5 basilisks
  57 ugly things
  2 wraiths
  12 redbacks
  3 wyverns
  17 deep elf magi
  8 hippogriffs
  3 tarantellas
  An elephant slug (Lair:4)
  A hill giant zombie (D:15)
  A spiny worm zombie (Abyss:1)
  15 vampire mosquitoes
  A shark (Shoals:2)
  4 ynoxinuls
  26 yaks
  3 chaos spawn
  A merfolk (shapeshifter) (D:23)
  2 shadows
  19 deep elf fighters
  2 rock worms
  A spatial vortex (WizLab)
  2 hill giant skeletons
  18 merfolk
  A glowing shapeshifter (D:17)
  3 manticores
  4 neqoxecs
  16 wolves
  A steam dragon (Lair:5)
  6 swamp drakes
  2 mottled dragons
  4 small abominations
  46 orc warriors
  4 deep troll skeletons
  7 black bears
  3 ice beasts
  2 necrophages (D:9)
  An ettin simulacrum (Vaults:4)
  A yellow wasp (D:12)
  A slave (D:6)
  7 porcupines
  4 kobold demonologists (D:26)
  3 sky beasts
  3 freezing wraiths
  3 phantoms
  38 ogres
  72 nagas
  A deep dwarf (shapeshifter) (D:20)
  28 centaurs
  2 boring beetles
  11 crocodiles
  Duvessa (D:4)
  11 wargs
  3 giant slugs
  A brain worm (WizLab)
  4 rotting devils
  A deep troll simulacrum (D:20)
  3 big kobolds
  A silver statue (WizLab)
  5 agate snails
  27 water moccasins
  A cyclops zombie (D:14)
  5 humans (D:26)
  15 giant frogs
  An eye of draining (shapeshifter) (D:23)
  2 boulder beetle zombies
  2 cyclops skeletons (D:15)
  14 killer bees
  2 eyes of draining
  A hippogriff zombie (Shoals:4)
  15 wights
  2 yak skeletons (D:7)
  Dowan (D:4)
  A fire bat (Abyss:1)
  2 goliath beetles
  12 crimson imps
  14 hounds
  6 quasits
  A two-headed ogre zombie (D:14)
  A giant frog zombie (D:9)
  A water moccasin zombie (D:8)
  Crazy Yiuf (D:2)
  33 orc priests
  A gnoll shaman (D:4)
  2 jellies
  31 orc wizards
  2 giant frog skeletons
  6 iron imps
  3 scorpions
  5 iguanas
  5 worker ants
  9 orange rats
  A big kobold zombie (D:9)
  A mottled dragon zombie (D:14)
  15 sheep
  Ijyb (D:5)
  A brain worm zombie (D:13)
  2 big kobold skeletons
  4 boggarts
  42 adders
  3 lemures
  5 shadow imps
  A giant centipede (Lair:1)
  3 giant mites
  13 gnolls
  20 green rats
  A white imp (WizLab)
  3 worms
  A goliath beetle zombie (D:10)
  16 ufetubi
  An iguana zombie (D:11)
  4 grey rats (D:10)
  A giant eyeball (D:14)
  9 giant geckos
  4 oozes
  154 orcs
  32 bats
  A bat skeleton (D:6)
  10 giant cockroaches
  21 goblins
  28 hobgoblins
  18 jackals
  10 quokkas
  6 giant newts
  2 giant spores
  A hobgoblin skeleton (D:6)
  A jackal zombie (D:6)
  17 kobolds
  4 orc skeletons
  24 rats
  2 ballistomycetes (D:12)
  2 butterflies (D:23)
  A crawling corpse (Elf:3)
  9 fungi
  3 plants
  3 starspawn tentacles (Abyss:1)
2013 creatures vanquished.

Vanquished Creatures (collateral kills)
  5 ancient liches (Zot:5)
  An orb of fire (Zot:1)
  A pandemonium lord (D:18)
  Saint Roka (D:22)
  Boris (Vaults:3)
  Lamia (Snake:2)
  4 golden dragons
  2 electric golems (Zot:5)
  6 bone dragons
  A Brimstone Fiend (D:13)
  A hellephant (D:18)
  2 Ice Fiends
  8 tentacled monstrosities
  14 Orb Guardians
  2 deep elf blademasters (Elf:3)
  A titan (Vaults:5)
  A deep elf master archer (Elf:3)
  3 storm dragons
  An Executioner (D:26)
  Rupert (D:15)
  7 shadow dragons
  3 draconian monks
  5 draconian knights
  Ilsuiw (Shoals:5)
  4 fire giants
  4 vault wardens
  2 orc warlords (Orc:3)
  2 deep elf sorcerers (Elf:3)
  2 balrugs
  Louise (Snake:1)
  2 cacodemons
  A ghost moth (Zot:3)
  A draconian zealot (Zot:5)
  3 draconian annihilators
  A draconian caller (Zot:1)
  11 green draconians
  18 stone giants
  5 greater nagas (Snake:5)
  3 grey draconians
  A lorocyproca (D:19)
  2 draconian shifters (Zot:5)
  4 deep elf demonologists
  6 deep elf annihilators (Elf:3)
  8 black draconians
  A spectral draconian (Zot:1)
  8 yellow draconians
  3 white draconians (Zot:5)
  A red draconian (Zot:5)
  4 purple draconians
  3 pale draconians
  4 mottled draconians
  3 ettins
  A deep elf death mage (Elf:3)
  8 merfolk impalers (Shoals:5)
  15 vault guards
  4 ironheart preservers
  A jiangshi (Vaults:3)
  A dragon (shapeshifter) (Vaults:4)
  4 great orbs of eyes
  6 dragons
  6 ice dragons
  An ogre mage (Vaults:2)
  2 merfolk aquamancers (Shoals:5)
  24 yaktaur captains
  3 ravenous feature mimics
  6 death cobs
  5 deep troll earth magi
  6 hydras
  Erica (Orc:4)
  An alligator snapping turtle (shapeshifter) (D:26)
  2 spectral elves (Elf:3)
  4 anacondas
  A ravenous item mimic (D:23)
  The ghost of Charos the Nimble, a powerful OpSk of Ashenzari (D:11)
  An alligator snapping turtle (Shoals:5)
  An anaconda (shapeshifter) (D:23)
  3 soul eaters (Elf:3)
  8 centaur warriors
  Urug (D:15)
  5 orc high priests (Orc:4)
  A fire crab (D:22)
  11 naga warriors
  4 deep troll shamans
  A storm dragon zombie (Vaults:2)
  5 deep elf knights
  2 sun demons
  2 very ugly things
  7 hell knights
  6 iron trolls
  7 sea snakes
  4 skeletal warriors (D:18)
  8 orc knights
  A flayed ghost (D:24)
  13 deep trolls
  6 death drakes (Zot:1)
  3 unseen horrors
  A giant orange brain (shapeshifter) (D:24)
  6 ironbrand convokers
  An ice devil (Elf:3)
  4 griffons
  Joseph (Orc:4)
  A swamp dragon (Zot:1)
  A griffon (shapeshifter) (D:25)
  4 deep elf conjurers
  4 hill giants
  6 phantasmal warriors
  2 frost giant zombies
  An orc sorcerer (D:24)
  4 oklob plants (Lair:3)
  3 wolf spiders
  3 harpies
  4 stone giant zombies
  2 shadow dragon skeletons
  A red wasp (shapeshifter) (D:23)
  6 black mambas
  A sixfirhy (Elf:3)
  24 slime creatures
  6 cyclopes
  12 moths of wrath
  7 stone giant skeletons
  2 spiny worms
  A red wasp (D:24)
  2 elephants (Lair:8)
  3 fire giant skeletons
  A deep elf summoner (Elf:3)
  2 smoke demons
  4 spiny frogs
  4 guardian serpents (Snake:5)
  4 orange demons
  5 vault sentinels
  19 yaktaurs
  A mermaid (shapeshifter) (D:23)
  4 mermaids (Shoals:5)
  An iron troll zombie (D:18)
  4 hellwings
  2 iron devils
  3 komodo dragons
  3 demonic crawlers
  10 naga magi
  A yaktaur (shapeshifter) (Vaults:5)
  A black draconian skeleton (Zot:5)
  4 fire drakes
  An iron troll skeleton (D:17)
  2 harpy zombies (Shoals:4)
  A red devil (D:24)
  A spriggan (Lair:8)
  7 trolls
  2 deep elf priests
  A giant firefly (shapeshifter) (Vaults:5)
  3 two-headed ogres
  An iron troll (shapeshifter) (D:17)
  A griffon zombie (Shoals:4)
  7 boulder beetles
  2 jumping spiders
  4 snapping turtles
  A stone giant simulacrum (Vaults:4)
  A basilisk (Lair:7)
  A grizzly bear (Lair:8)
  An ice dragon zombie (Zot:3)
  A tarantella (Elf:3)
  2 ettin zombies (D:17)
  A wraith (D:13)
  6 hippogriffs
  3 redbacks
  2 ynoxinuls
  3 ettin skeletons
  8 deep elf fighters
  26 ugly things
  A shark (Shoals:5)
  A wyvern (D:8)
  A trapdoor spider (D:15)
  5 neqoxecs
  2 water elementals (Shoals:5)
  3 chaos spawn
  2 vampire mosquitoes
  12 yaks
  9 merfolk (Shoals:5)
  2 manticores
  6 deep elf magi
  2 hill giant zombies (D:14)
  2 human zombies (D:22)
  A wolf (shapeshifter) (Vaults:4)
  5 wolves
  A rock worm (Elf:3)
  Edmund (D:5)
  A porcupine (Lair:3)
  6 swamp drakes
  5 freezing wraiths
  44 nagas
  41 orc warriors
  8 ogres
  A black bear (Lair:8)
  3 ice beasts
  A sky beast (D:12)
  14 centaurs
  A yellow wasp (D:13)
  An ice beast (shapeshifter) (Vaults:3)
  A centaur (shapeshifter) (D:26)
  4 wargs
  A crocodile (Lair:1)
  4 rotting devils
  A yaktaur zombie (D:18)
  3 giant slugs
  A lost soul (Elf:3)
  5 agate snails
  13 water moccasins
  3 giant frogs (D:14)
  A wyvern skeleton (D:9)
  5 killer bees
  A hippogriff zombie (Shoals:4)
  An eye of draining (D:9)
  2 wights
  3 crimson imps
  4 quasits
  13 orc priests
  A hound (Lair:1)
  A goliath beetle (D:8)
  A cyclops simulacrum (D:13)
  An iron imp (Elf:3)
  8 orc wizards
  An elf zombie (Elf:2)
  5 jellies
  An elf (shapeshifter) (D:17)
  A two-headed ogre zombie (D:15)
  5 orange rats
  2 worker ants
  2 sheep (Lair:3)
  A mottled dragon skeleton (D:16)
  9 adders
  2 lemures
  7 green rats
  A giant centipede (Lair:1)
  2 white imps (Orc:4)
  A worm (D:10)
  5 ufetubi (D:26)
  3 oozes (Lair:7)
  86 orcs
  3 bats
  3 goblins
  A hobgoblin (D:10)
  5 kobolds
  2 giant geckos
  9 jackals
  5 butterflies (D:23)
  3 crawling corpses (Elf:3)
  3 fungi
  10 plants
1097 creatures vanquished.

Vanquished Creatures (others)
  4 profane servitors
  4 bone dragons
  4 ghouls
  A draconian monk (Zot:5)
  2 spectral humans
  6 large abominations
  A spectral dwarf (Elf:3)
  2 spectral draconians
  10 death cobs
  A spectral elf (D:26)
  A naga warrior (Snake:2)
  2 skeletal warriors
  A storm dragon zombie (Vaults:5)
  10 flayed ghosts
  A spectral ettin (Vaults:4)
  13 flaming corpses
  A shadow dragon zombie (Vaults:5)
  A draconian zombie (Zot:5)
  6 phantasmal warriors
  The ghost of aimeelou the Firebug, an experienced DEFE (D:7)
  2 red draconian zombies (Zot:5)
  An ancient zyme (Abyss:1)
  A green draconian zombie (Zot:5)
  A mottled draconian skeleton (Zot:5)
  5 human zombies (Vaults:5)
  A harpy zombie (Vaults:5)
  A moth of wrath zombie (Zot:5)
  A deep elf mage (Elf:3)
  A dragon zombie (Zot:5)
  A dragon skeleton (Zot:4)
  An elf skeleton (Elf:3)
  4 flying skulls
  6 elf zombies (Elf:3)
  3 wraiths
  A naga (Snake:5)
  3 freezing wraiths
  An ogre (Vaults:2)
  2 lost souls (D:26)
  4 wights
  A warg zombie (Vaults:5)
  A mummy (D:12)
  An orc zombie (Vaults:5)
  3 orcs
  8 crawling corpses
  458 eldritch tentacle segments (WizLab)
  5 fungi (Lair:8)
  4 plants
  A starspawn tentacle (Abyss:1)
  43 starspawn tentacle segments (Abyss:1)
637 creatures vanquished.

Grand Total: 3747 creatures vanquished

Notes
Turn   | Place    | Note
--------------------------------------------------------------
     0 | D:1      | inmateoo, the Minotaur Death Knight, began the quest for the Orb.
     0 | D:1      | Reached XP level 1. HP: 17/17 MP: 2/2
    49 | D:1      | Reached skill level 3 in Axes
   199 | D:1      | Reached XP level 2. HP: 12/24 MP: 2/2
   448 | D:1      | Reached skill level 4 in Axes
   468 | D:1      | Reached XP level 3. HP: 20/29 MP: 4/4
   666 | D:1      | Acquired Yredelemnul's second power
   996 | D:2      | Noticed Sigmund
  1233 | D:2      | Reached skill level 5 in Axes
  1354 | D:2      | Reached XP level 4. HP: 29/37 MP: 4/4
  1746 | D:2      | Noticed Crazy Yiuf
  1752 | D:2      | Killed Crazy Yiuf
  2007 | D:2      | Reached skill level 6 in Axes
  2445 | D:3      | Reached XP level 5. HP: 35/42 MP: 5/5
  2889 | D:3      | Acquired Yredelemnul's third power
  2889 | D:3      | Reached skill level 1 in Stealth
  3488 | D:4      | Reached skill level 7 in Axes
  3488 | D:4      | Reached XP level 6. HP: 50/50 MP: 6/6
  3752 | D:4      | Noticed Duvessa
  3754 | D:4      | Noticed Dowan
  3760 | D:4      | Killed Duvessa
  3761 | D:4      | Killed Dowan
  4421 | D:4      | Found a staircase to the Ecumenical Temple.
  4456 | D:4      | Reached XP level 7. HP: 19/57 MP: 7/7
  4961 | D:5      | Entered Level 5 of the Dungeon
  5198 | D:5      | Noticed Edmund
  5200 | D:5      | Reached skill level 8 in Axes
  5448 | D:5      | Found Ziazit's Antique Weapon Boutique.
  5606 | D:5      | Reached skill level 5 in Fighting
  5609 | D:5      | Acquired Yredelemnul's fourth power
  5739 | D:5      | Noticed Prince Ribbit
  5740 | D:5      | Noticed Ijyb
  6017 | D:5      | Received a gift from Yredelemnul
  6197 | D:5      | Killed Edmund
  6197 | D:5      | Reached XP level 8. HP: 66/66 MP: 8/8
  6262 | D:5      | Found a bloodstained altar of Trog.
  6262 | D:5      | Found a basalt altar of Yredelemnul.
  6288 | D:5      | Reached skill level 5 in Armour
  6290 | D:5      | Killed Ijyb
  6446 | D:5      | Reached skill level 9 in Axes
  6453 | D:5      | Killed Prince Ribbit
  7458 | D:6      | Noticed Pikel
  7488 | D:6      | Killed Pikel
  7488 | D:6      | Reached skill level 10 in Axes
  7488 | D:6      | Reached XP level 9. HP: 27/73 MP: 9/11
  7829 | D:6      | Found a burning altar of Makhleb.
  8327 | D:7      | Noticed aimeelou's ghost (experienced DEFE)
  8339 | D:7      | Killed aimeelou's ghost
  8339 | D:7      | Reached skill level 5 in Invocations
  8688 | D:7      | Received a gift from Yredelemnul
  9013 | D:7      | Reached skill level 11 in Axes
  9480 | D:7      | Reached skill level 5 in Dodging
  9784 | D:8      | Reached XP level 10. HP: 48/82 MP: 14/14
 11222 | D:9      | HP: 2/83 [yak (11)]
 11679 | D:9      | Gained mutation: You tend to lose your temper in combat. [potion of mutation]
 11679 | D:9      | Gained mutation: Your magical capacity is low (-10% MP). [potion of mutation]
 11871 | D:9      | Received a gift from Yredelemnul
 12120 | D:9      | Reached skill level 12 in Axes
 12443 | D:10     | Entered Level 10 of the Dungeon
 12454 | D:10     | Received a gift from Yredelemnul
 12519 | D:10     | Found a staircase to the Orcish Mines.
 12859 | D:10     | Got a sparkling tin amulet
 12925 | D:10     | Found a staircase to the Lair.
 13383 | D:10     | Acquired Yredelemnul's fifth power
 13384 | D:10     | Received a gift from Yredelemnul
 13518 | D:10     | Noticed a hill giant
 13525 | D:10     | Killed a hill giant
 13781 | D:11     | Reached XP level 11. HP: 70/91 MP: 15/15
 13922 | D:11     | Noticed Charos' ghost (powerful OpSk)
 13929 | D:11     | Killed Charos' ghost
 14577 | D:11     | Identified the amulet "Teyffoon" {Faith rF-} (You found it on level 10 of the Dungeon)
 14648 | D:11     | Noticed a seven-headed hydra
 14656 | D:11     | Killed an eight-headed hydra
 14861 | D:11     | Found a portal to a secret trove of treasure.
 15145 | D:11     | Reached skill level 1 in Shields
 15283 | D:12     | Reached skill level 13 in Axes
 15320 | D:12     | Received a gift from Yredelemnul
 15575 | D:12     | Received a gift from Yredelemnul
 15926 | D:12     | Noticed a wizard
 15929 | D:12     | Killed a wizard
 15965 | D:12     | Noticed a wizard
 15970 | D:12     | Killed a wizard
 15991 | D:12     | Noticed a wizard
 15995 | D:12     | Killed a wizard
 16010 | D:12     | Noticed a wizard
 16011 | D:12     | Noticed a wizard
 16014 | D:12     | Noticed a wizard
 16014 | D:12     | Killed a wizard
 16014 | D:12     | Reached skill level 10 in Fighting
 16019 | D:12     | Killed a wizard
 16019 | D:12     | Killed a wizard
 16019 | D:12     | Reached skill level 5 in Shields
 16046 | D:12     | Noticed a wizard
 16050 | D:12     | Killed a wizard
 16050 | D:12     | Reached XP level 12. HP: 80/101 MP: 18/18
 16238 | D:12     | Found an iron altar of Okawaru.
 16393 | D:12     | Received a gift from Yredelemnul
 16756 | D:13     | Found Titsesk's Antique Armour Shoppe.
 16763 | D:13     | Bought a pair of gauntlets for 40 gold pieces
 17050 | D:13     | Reached skill level 10 in Armour
 17110 | D:13     | Reached skill level 14 in Axes
 18217 | Lair:1   | Entered Level 1 of the Lair of Beasts
 18902 | Lair:1   | Received a gift from Yredelemnul
 18917 | Lair:1   | Noticed a five-headed hydra
 18929 | Lair:1   | Killed a seven-headed hydra
 20185 | Lair:2   | Received a gift from Yredelemnul
 20953 | Lair:3   | Found a deep blue altar of Sif Muna.
 21041 | Lair:3   | Got a warped brass amulet
 21094 | Lair:3   | Found a staircase to the Snake Pit.
 21932 | Lair:4   | Identified the amulet "Thretirh Otwu" {rCorr -Cast rElec rF+ rC+ Dam+6} (You found it on level 3 of the Lair of Beasts)
 22094 | Lair:4   | Found a staircase to the Shoals.
 22111 | Lair:4   | Reached skill level 15 in Axes
 22218 | Lair:4   | Noticed a seven-headed hydra
 22222 | Lair:4   | Killed a nine-headed hydra
 22226 | Lair:4   | Reached XP level 13. HP: 56/108 MP: 18/18
 23060 | Lair:5   | Received a gift from Yredelemnul
 23623 | Lair:6   | Gained mutation: You have sharp toenails. [potion of beneficial mutation]
 24318 | Lair:7   | Received a gift from Yredelemnul
 24320 | Lair:7   | Found a staircase to the Slime Pits.
 24698 | Lair:7   | Received a gift from Yredelemnul
 25287 | Lair:8   | Entered Level 8 of the Lair of Beasts
 25349 | Lair:8   | Gained mutation: You have a slow metabolism. [potion of beneficial mutation]
 25354 | Lair:8   | Reached skill level 10 in Shields
 25661 | Lair:8   | Received a gift from Yredelemnul
 25736 | Lair:8   | Received a gift from Yredelemnul
 25738 | Lair:8   | Reached skill level 16 in Axes
 25929 | Lair:8   | Received a gift from Yredelemnul
 26165 | Lair:8   | Received a gift from Yredelemnul
 26254 | Lair:8   | Reached XP level 14. HP: 114/119 MP: 20/20
 26812 | Orc:1    | Entered Level 1 of the Orcish Mines
 26974 | Orc:2    | Received a gift from Yredelemnul
 27301 | Orc:2    | Received a gift from Yredelemnul
 27488 | Orc:3    | Received a gift from Yredelemnul
 27805 | Orc:3    | Noticed an orc warlord
 27808 | Orc:3    | Received a gift from Yredelemnul
 27819 | Orc:3    | Killed an orc warlord
 28001 | Orc:3    | Noticed an orc warlord
 28008 | Orc:3    | Killed an orc warlord
 28219 | Orc:3    | Received a gift from Yredelemnul
 28493 | Orc:3    | Noticed an orc warlord
 28503 | Orc:3    | Killed an orc warlord
 28503 | Orc:3    | Reached skill level 10 in Invocations
 28642 | Orc:4    | Entered Level 4 of the Orcish Mines
 28646 | Orc:4    | Received a gift from Yredelemnul
 28701 | Orc:4    | Noticed Erica
 28706 | Orc:4    | Killed Erica
 28787 | Orc:4    | Found a staircase to the Elven Halls.
 28816 | Orc:4    | Noticed Joseph
 28821 | Orc:4    | Killed Joseph
 29133 | Orc:4    | Gained mutation: Space occasionally distorts in your vicinity. [a neqoxec]
 29135 | Orc:4    | Found Canul's Antique Armour Emporium.
 29138 | Orc:4    | Found Syucwoth's Food Emporium.
 29138 | Orc:4    | Found Statonae's Food Shoppe.
 29138 | Orc:4    | Found Wuanejug's Food Emporium.
 29380 | Orc:4    | Received a gift from Yredelemnul
 29668 | D:14     | Entered Level 14 of the Dungeon
 29718 | D:14     | Reached skill level 17 in Axes
 29885 | D:14     | Paralysed by a giant eyeball for 4 turns
 30640 | D:15     | Entered Level 15 of the Dungeon
 30740 | D:15     | Noticed Urug
 30748 | D:15     | Received a gift from Yredelemnul
 30749 | D:15     | Noticed Nergalle
 30755 | D:15     | Killed Urug
 30757 | D:15     | Killed Nergalle
 30912 | D:15     | Found a staircase to the Vaults.
 31019 | D:15     | Found Niba's Elemental Accessories.
 31089 | D:15     | Noticed Rupert
 31093 | D:15     | Paralysed by Rupert for 6 turns
 31102 | D:15     | Killed Rupert
 31102 | D:15     | Reached XP level 15. HP: 76/128 MP: 22/22
 31339 | D:16     | Found Warah's Gadget Boutique.
 31479 | D:16     | Found a flagged portal.
 31503 | Bailey   | Entered a bailey
 32012 | D:16     | Gained mutation: You are partially covered in slimy green scales (AC +2). [potion of beneficial mutation]
 32789 | D:17     | Gained mutation: You possess an exceptional clarity of mind. [potion of mutation]
 32789 | D:17     | Lost mutation: You possess an exceptional clarity of mind. [potion of mutation]
 34242 | D:17     | Noticed a bone dragon
 34252 | D:17     | Killed a bone dragon
 34390 | D:17     | Received a gift from Yredelemnul
 34839 | Shoals:1 | Entered Level 1 of the Shoals
 34870 | Shoals:1 | Reached skill level 18 in Axes
 35617 | Shoals:3 | Received a gift from Yredelemnul
 36033 | Shoals:5 | Entered Level 5 of the Shoals
 36735 | Shoals:5 | Got a barnacled rune of Zot
 36928 | Shoals:5 | Found Clamauce's Gadget Shop.
 36935 | Shoals:5 | Found Orab's Weapon Shop.
 36991 | Shoals:5 | Noticed Ilsuiw
 36992 | Shoals:5 | Found Saohamar's Gadget Shoppe.
 36999 | Shoals:5 | Killed Ilsuiw
 37117 | Shoals:5 | Found Ysyamafu's Weapon Shoppe.
 37234 | Shoals:5 | Reached XP level 16. HP: 96/138 MP: 24/24
 37479 | Snake:1  | Entered Level 1 of the Snake Pit
 37607 | Snake:1  | Noticed Louise
 37625 | Snake:1  | Killed Louise
 37626 | Snake:1  | Received a gift from Yredelemnul
 37638 | Snake:1  | Noticed 1Viktor's ghost (powerful MiFi)
 37653 | Snake:1  | Killed 1Viktor's ghost
 38527 | Snake:2  | Noticed Nikola
 38535 | Snake:2  | Killed Nikola
 38535 | Snake:2  | Enslaved Nikola
 38825 | Snake:2  | Noticed Lamia
 38847 | Snake:2  | Killed Lamia
 39234 | Snake:2  | Reached skill level 19 in Axes
 39835 | Snake:3  | Received a gift from Yredelemnul
 40208 | Snake:4  | Reached skill level 15 in Shields
 40440 | Snake:4  | Found Emaowus' Distillery.
 40456 | Snake:4  | Bought a potion of heal wounds for 57 gold pieces
 40456 | Snake:4  | Bought 2 potions of heal wounds for 114 gold pieces
 40743 | Snake:5  | Entered Level 5 of the Snake Pit
 40786 | Snake:5  | Received a gift from Yredelemnul
 41209 | Snake:5  | Identified a scroll of acquirement
 41211 | Snake:5  | Got a distressingly furry cap
 41216 | Snake:5  | Identified the +2 cap of Winter {Str+1 Int+4} (You acquired it on level 5 of the Snake Pit)
 41413 | Snake:5  | Paralysed by you for 2 turns
 41836 | Snake:5  | Received a gift from Yredelemnul
 41836 | Snake:5  | Your ally Nikola died
 42056 | Snake:5  | MDvedh: thats really funny
 42107 | Snake:5  | Received a gift from Yredelemnul
 42585 | Snake:5  | Got a serpentine rune of Zot
 42620 | Snake:5  | Reached XP level 17. HP: 139/148 MP: 25/25
 43233 | Vaults:1 | Entered Level 1 of the Vaults
 43694 | Vaults:1 | Received a gift from Yredelemnul
 43704 | Vaults:1 | Reached skill level 15 in Fighting
 44099 | Vaults:1 | Found Klubb's Weapon Emporium.
 44706 | Vaults:2 | Cast into the Abyss (deep elf demonologist)
 45075 | Abyss:1  | Reached skill level 15 in Armour
 45098 | Vaults:2 | Escaped the Abyss
 45099 | Vaults:2 | Received a gift from Yredelemnul
 45331 | Vaults:2 | Found Sinanium's Magic Scroll Shop.
 45351 | Vaults:2 | Bought a scroll of acquirement for 936 gold pieces
 45351 | Vaults:2 | Bought a scroll of identify for 36 gold pieces
 46011 | Vaults:2 | Received a gift from Yredelemnul
 47051 | Vaults:3 | Found a staircase to the Crypt.
 47051 | Vaults:3 | Noticed Boris
 47059 | Vaults:3 | Reached XP level 18. HP: 153/159 MP: 27/27
 47062 | Vaults:3 | Killed Boris
 47563 | Vaults:3 | Got a pair of transparent gloves
 47567 | Vaults:3 | Identified the +2 pair of gloves of the Nexus {rF+ Stlth++} (You acquired it on level 3 of the Vaults)
 47681 | Vaults:3 | Found a staircase to the Hall of Blades.
 47836 | Vaults:3 | Received a gift from Yredelemnul
 47951 | Vaults:3 | Found Unounlusm's Distillery.
 47957 | Vaults:3 | Bought a potion of mutation for 60 gold pieces
 47958 | Vaults:3 | Lost mutation: You have a slow metabolism. [potion of mutation]
 47958 | Vaults:3 | Lost mutation: Your magical capacity is low (-10% MP). [potion of mutation]
 47958 | Vaults:3 | Lost mutation: You tend to lose your temper in combat. [potion of mutation]
 48576 | Vaults:4 | Found Fikaa's General Store.
 48699 | Vaults:4 | Bought a scroll of enchant weapon II for 121 gold pieces
 48895 | Vaults:4 | Received a gift from Yredelemnul
 48954 | Vaults:4 | Reached skill level 15 in Invocations
 49883 | Vaults:5 | Entered Level 5 of the Vaults
 49894 | Vaults:5 | Received a gift from Yredelemnul
 49894 | Vaults:5 | Reached XP level 19. HP: 148/167 MP: 8/33
 50259 | Vaults:5 | Got a vibrating platinum ring
 50267 | Vaults:5 | Noticed a golden dragon
 50285 | Vaults:5 | Killed a golden dragon
 50954 | Vaults:5 | Received a gift from Yredelemnul
 50982 | Vaults:5 | Got a silver rune of Zot
 51077 | Vaults:5 | Got a sparkling wooden ring
 51083 | Vaults:5 | Identified the ring "Tahav" {SustAb +Rage +Inv rN+ SInv} (You took it off a tengu reaver on level 5 of the Vaults)
 51084 | Vaults:5 | Identified the ring "Jeaggu" {Hunger +Fly Int+4} (You found it on level 5 of the Vaults)
 51273 | Vaults:5 | Noticed a bone dragon
 51285 | Vaults:5 | Received a gift from Yredelemnul
 51286 | Vaults:5 | Killed a bone dragon
 51291 | Vaults:5 | Noticed a golden dragon
 51298 | Vaults:5 | Killed a golden dragon
 51681 | Vaults:5 | Received a gift from Yredelemnul
 51696 | Vaults:5 | Got a vibrating steel ring
 51702 | Vaults:5 | Identified the ring "Threkhe" {+Rage rPois SInv} (You found it on level 5 of the Vaults)
 52077 | Vaults:5 | Reached skill level 20 in Shields
 52398 | Vaults:5 | Received a gift from Yredelemnul
 52548 | Vaults:5 | Received a gift from Yredelemnul
 52867 | Vaults:3 | Received a gift from Yredelemnul
 53322 | Elf:1    | Entered Level 1 of the Elven Halls
 53339 | Elf:1    | Found a radiant altar of Vehumet.
 53395 | Elf:1    | Found a magical portal.
 53402 | WizLab   | Entered a wizard's laboratory
 53404 | WizLab   | Found a corrupted altar of Lugonu.
 53850 | WizLab   | Got a warped cloak
 53855 | WizLab   | Got a heavily runed cloak
 53860 | WizLab   | Identified the +2 cloak "Wosuh" {Acc+5} (You found it in a wizard's laboratory)
 53863 | WizLab   | Identified the +0 cloak of Slovenliness {+Blink +Inv Str+2 SInv} (You found it in a wizard's laboratory)
 53928 | Elf:1    | Found Cyckim's Magic Scroll Shoppe.
 53935 | Elf:1    | Bought a scroll of identify for 26 gold pieces
 53935 | Elf:1    | Bought a scroll of acquirement for 676 gold pieces
 53935 | Elf:1    | Bought a scroll of identify for 26 gold pieces
 53935 | Elf:1    | Bought a scroll of silence for 97 gold pieces
 53935 | Elf:1    | Bought a scroll of fog for 26 gold pieces
 54098 | Elf:1    | Reached XP level 20. HP: 176/176 MP: 35/35
 54959 | Elf:2    | Received a gift from Yredelemnul
 55122 | Elf:2    | Noticed Wiglaf
 55131 | Elf:2    | Killed Wiglaf
 55131 | Elf:2    | Enslaved Wiglaf
 55662 | Elf:3    | Entered Level 3 of the Elven Halls
 55700 | Elf:3    | Received a gift from Yredelemnul
 55704 | Elf:3    | Received a gift from Yredelemnul
 55706 | Elf:3    | Your ally Wiglaf died
 55713 | Elf:3    | Reached skill level 21 in Shields
 56032 | Elf:3    | Received a gift from Yredelemnul
 56064 | Elf:3    | Got a scintillating bronze ring
 56065 | Elf:3    | Identified the ring of Music {SustAb Str+3 Int+2} (You found it on level 3 of the Elven Halls)
 56685 | Elf:3    | Got a smoking marble ring
 56732 | Elf:3    | Identified the ring of the Tortoise {+Blink EV+1 Str+2 Dex-1} (You found it on level 3 of the Elven Halls)
 59117 | D:19     | Found Struwk Meito's Book Shoppe.
 59183 | D:19     | Found a gateway to a ziggurat.
 59199 | D:19     | the gateway to a ziggurat was a mimic.
 59480 | D:19     | Found a glowing golden altar of the Shining One.
 59664 | D:20     | Entered Level 20 of the Dungeon
 60026 | D:20     | Noticed Mennas
 60057 | D:20     | Killed Mennas
 60403 | D:20     | Received a gift from Yredelemnul
 60833 | D:21     | Received a gift from Yredelemnul
 60990 | D:21     | Reached XP level 21. HP: 179/182 MP: 37/37
 61149 | D:21     | Found a gateway to Hell.
 61330 | D:22     | Found a one-way gate to the infinite horrors of the Abyss.
 61333 | D:22     | Received a gift from Yredelemnul
 61854 | D:22     | Received a gift from Yredelemnul
 61942 | D:22     | Noticed Saint Roka
 61951 | D:22     | Killed Saint Roka
 61951 | D:22     | Reached skill level 22 in Shields
 62153 | D:22     | Found a one-way gate leading to the halls of Pandemonium.
 62167 | D:22     | Noticed Margery
 62178 | D:22     | Killed Margery
 62671 | D:23     | Received a gift from Yredelemnul
 62993 | D:23     | Found a burning altar of Makhleb.
 62993 | D:23     | Found a deep blue altar of Sif Muna.
 62994 | D:23     | Found a snail-covered altar of Cheibriados.
 63208 | D:23     | Received a gift from Yredelemnul
 63292 | D:23     | Got a warped copper ring
 63327 | D:23     | Got a pair of shimmering gloves
 63331 | D:23     | Identified the +2 pair of gloves of Cowardice {Str+3 Int+4} (You acquired it on level 23 of the Dungeon)
 63332 | D:23     | Got a crude plate armour
 63333 | D:23     | Identified the +3 plate armour of Levity {Str-2 Int+3} (You acquired it on level 23 of the Dungeon)
 63416 | D:23     | Received a gift from Yredelemnul
 63593 | D:23     | Received a gift from Yredelemnul
 63904 | D:24     | Received a gift from Yredelemnul
 64133 | D:24     | Reached XP level 22. HP: 180/191 MP: 38/38
 64187 | D:24     | Noticed Frederick
 64199 | D:24     | Killed Frederick
 64548 | D:24     | Noticed Jory
 64555 | D:24     | Killed Jory
 64798 | D:25     | Entered Level 25 of the Dungeon
 64968 | D:25     | Found Thaim's Weapon Emporium.
 64986 | D:25     | Reached skill level 23 in Shields
 65093 | D:25     | Found Valasch's Book Emporium.
 65391 | D:25     | Received a gift from Yredelemnul
 65400 | D:25     | Found Klip's Food Emporium.
 65470 | D:25     | Found Zuaffy's Jewellery Shoppe.
 65474 | D:25     | Bought an uncursed amulet of resist mutation for 760 gold pieces
 65592 | D:25     | Found Schex's Food Emporium.
 66341 | D:26     | Received a gift from Yredelemnul
 66792 | D:26     | Received a gift from Yredelemnul
 66850 | D:26     | Received a gift from Yredelemnul
 66892 | D:26     | Found a burning altar of Makhleb.
 67333 | D:26     | Gained mutation: You are frail (-10% HP). [a neqoxec]
 67880 | D:27     | Entered Level 27 of the Dungeon
 68210 | D:27     | Received a gift from Yredelemnul
 68599 | D:27     | Identified the ring "Cega" {Regen +Fly rF+ Str-3} (You took it off an orc knight on level 23 of the Dungeon)
 68975 | D:27     | Received a gift from Yredelemnul
 68993 | D:27     | Reached XP level 23. HP: 110/179 MP: 40/40
 69197 | Zot:1    | Entered Level 1 of the Realm of Zot
 69203 | Zot:1    | Cast into the Abyss (purple draconian)
 69324 | Zot:1    | Escaped the Abyss
 69884 | Zot:1    | Reached skill level 24 in Shields
 70068 | Zot:1    | Received a gift from Yredelemnul
 70531 | Zot:1    | Noticed an orb of fire
 70551 | Zot:1    | Killed an orb of fire
 71657 | Zot:1    | Identified a +0 cloak of preservation (You took it off a draconian zealot on level 1 of the Realm of Zot)
 73302 | Zot:2    | Received a gift from Yredelemnul
 74422 | Zot:3    | Received a gift from Yredelemnul
 74966 | Zot:3    | Received a gift from Yredelemnul
 75037 | Zot:3    | Reached skill level 25 in Invocations
 75873 | Zot:4    | Reached XP level 24. HP: 174/188 MP: 41/41
 76187 | Zot:4    | Got a steaming plate armour
 76189 | Zot:4    | Identified the +0 plate armour of Death Resistance {Int+3 Stlth--} (You found it on level 4 of the Realm of Zot)
 76672 | Zot:5    | Entered Level 5 of the Realm of Zot
 76680 | Zot:5    | Received a gift from Yredelemnul
 77312 | Zot:5    | Received a gift from Yredelemnul
 77345 | Zot:5    | Noticed an ancient lich
 77346 | Zot:5    | Noticed an ancient lich
 77354 | Zot:5    | Killed an ancient lich
 77364 | Zot:5    | Noticed an ancient lich
 77365 | Zot:5    | Killed an ancient lich
 77371 | Zot:5    | Killed an ancient lich
 77382 | Zot:5    | Killed an ancient lich
 77387 | Zot:5    | Noticed an ancient lich
 77393 | Zot:5    | Killed an ancient lich
 77393 | Zot:5    | Reached skill level 26 in Invocations
 77398 | Zot:5    | Received a gift from Yredelemnul
 77608 | Zot:5    | Noticed an orb of fire
 77621 | Zot:5    | Killed an orb of fire
 77624 | Zot:5    | Noticed an orb of fire
 77630 | Zot:5    | Gained mutation: Your vision is a little blurry. [an orb of fire]
 77632 | Zot:5    | Killed an orb of fire
 77867 | Zot:5    | Reached XP level 25. HP: 200/200 MP: 36/42
 77892 | Zot:5    | Got the Orb of Zot
 77930 | Zot:5    | Noticed an orb of fire
 77933 | Zot:5    | Gained mutation: You are partially covered in icy blue scales (AC +1). [an orb of fire]
 77949 | Zot:5    | Killed an orb of fire
 78294 | D:18     | Noticed Xeliveoj the pandemonium lord
 78314 | D:18     | Killed Xeliveoj the pandemonium lord
 78629 | D:4      | Noticed Praov the pandemonium lord
 78699 | D:$      | Escaped with the Orb!

Action                   |  1- 3 |  4- 6 |  7- 9 | 10-12 | 13-15 | 16-18 | 19-21 | 22-24 | 25-27 || total
-------------------------+-------+-------+-------+-------+-------+-------+-------+-------+-------++-------
Melee: Hand axe          |   105 |    31 |       |     2 |       |       |       |       |       ||   138
       Broad axe         |       |    79 |   230 |   559 |   931 |   870 |  1137 |  1100 |    62 ||  4968
       Unarmed           |       |       |     8 |       |       |       |       |       |       ||     8
Invok: Recall Undead Sla |       |       |       |     7 |    14 |    17 |    13 |    15 |     5 ||    71
       Drain Life        |       |       |       |       |    19 |    17 |    22 |     7 |       ||    65
       Enslave Soul      |       |       |       |       |     1 |     5 |     3 |     4 |       ||    13
       Injury Mirror     |       |       |       |       |     1 |       |       |       |       ||     1
       Animate Dead      |       |       |       |       |       |    11 |    27 |    15 |       ||    53
Evoke: Wand              |       |       |     4 |    10 |    11 |     6 |     3 |     2 |    10 ||    46
  Use: Scroll            |       |    12 |     6 |    21 |    18 |    17 |    32 |    10 |       ||   116
       Potion            |       |       |     1 |     3 |     9 |    12 |     6 |     4 |     1 ||    36
 Stab: Distracted        |       |       |       |     7 |    16 |    14 |    16 |    33 |     3 ||    89
       Confused          |       |       |       |       |       |       |       |     2 |       ||     2
